 Dungeon Crawl Stone Soup version 0.30-a0-305-g026cb31310 (webtiles) character file.

Game seed: 13508554661533666319

44 sleeves the Cudgeller (level 4, -5/36 HPs)
             Began as a Meteoran Warper on Oct 21, 2022.
             Slain by an ogre
             ... wielding a +0 giant club
              (21 damage)
             ... on level 2 of the Dungeon.
             The game lasted 00:04:01 (680 turns).

sleeves the Cudgeller (Meteoran Warper)              Turns: 680, Time: 00:04:01

Health: -5/36      AC:  5    Str: 15    XL:     4   Next: 10%
Magic:  9/9        EV: 12    Int: 14    God:
Gold:   54         SH:  0    Dex: 13    Spells: 8/8 levels left

rFire   . . .      SeeInvis .    a - +0 mace
rCold   . . .      Faith    .    (no shield)
rNeg    . . .      Spirit   .    b - +0 leather armour
rPois   .          Reflect  .    (no helmet)
rElec   .          Harm     .    h - +1 cloak
rCorr   .          Rampage  .    (no gloves)
Will    .....                    (no boots)
Stlth   +.........               (no amulet)
HPRegen 0.26/turn                (no ring)
MPRegen 0.11/turn                (no ring)

@: glowing
A: sense surroundings 1, otherworldly, glowing, explore regen
a: no special abilities


You were on level 2 of the Dungeon.
You visited 1 branch of the dungeon, and saw 3 of its levels.

You collected 54 gold pieces.

Inventory:

Hand Weapons
 a - a +0 mace (weapon)
Missiles
 d - 7 boomerangs of dispersal (quivered)
Armour
 b - a +0 leather armour (worn)
 f - a +0 scale mail
   (You found it on level 1 of the Dungeon)
 h - a +1 cloak (worn)
   (You found it on level 2 of the Dungeon)
Scrolls
 c - a scroll of blinking
 g - a scroll of teleportation {unknown}
 j - a scroll of enchant weapon {unknown}
Potions
 e - 2 potions of curing {unknown}
 i - a potion of heal wounds {unknown}


   Skills:
 - Level 2.1 Fighting
 + Level 5.2 Maces & Flails
 - Level 1.2 Throwing
 - Level 1.2 Armour
 - Level 2.4 Dodging
 - Level 2.6 Spellcasting
 - Level 3.6 Translocations


You had 8 spell levels left.
You didn't know any spells.
Your spell library contained the following spells:

 Spells                   Type           Power      Damage    Failure   Level
 Blink                    Tloc           24%        N/A       10%         2
 Lesser Beckoning         Tloc           24%        N/A       19%         3
 Teleport Other           Tloc           12%        N/A       19%         3
 Vhi's Electric Charge    Tloc/Air       12%        N/A       36%         3
 Manifold Assault         Tloc           12%        N/A       52%         4


Dungeon Overview and Level Annotations

Branches:
Dungeon (3/15) Zot: 1103

Altars:


Innate Abilities, Weirdness & Mutations

You passively map a small area around you.
You are easily found by Zot.
You glow in the dark.
You regain HP and MP as you explore.


Message History

Welcome, sleeves the Meteoran Warper.
Below lies the Orb of Zot, rumoured to be powerful enough to resurrect a god...
Press ? for a list of commands and other information.
Found a staircase leading out of the dungeon.
You open the large door.
There is a large open door here.
Found 5 gold pieces.
You now have 5 gold pieces.
Found a stone staircase leading down.
There is a stone staircase leading down here.
You climb downwards.
Found a mace, 13 gold pieces, a hand axe and 2 inky potions.
Found a stone staircase leading up.
There is a stone staircase leading up here.
The frilled lizard falls through a shaft!
The shaft crumbles and collapses.
Found a stone staircase leading up.
You now have 18 gold pieces (gained 13).
e - 2 inky potions
There is a stone staircase leading up here.
There is a stone staircase leading up here.
You climb upwards.
The endoplasm quivers.
The goblin shouts!
The bat barely misses you.
Found 5 stones, 7 gold pieces and a short sword.
There is a stone staircase leading down here.
The rat bites you. The bat hits you.
You climb downwards.
There is a stone staircase leading up here.
You hit the rat.
You kill the rat!
No target in view!
There is a stone staircase leading up here.
You climb upwards.
There is a stone staircase leading down here.
Found 6 stones.
A quokka comes into view.
The quokka bites you but does no damage.
You hit the quokka.
The quokka is heavily wounded.
The quokka closely misses you.
You barely miss the quokka.
The quokka is heavily wounded.
The quokka bites you but does no damage.
You hit the quokka.
You kill the quokka!
Your Maces & Flails skill increases to level 3!
Found a short sword.
Found a dagger.
Found a scale mail.
You see here a +0 scale mail.
f - a +0 scale mail You see here a +0 dagger.
Found a mace.
You see here a +0 mace.
The bat barely misses you.
You miss the bat. The bat hits you but does no damage.
No target in view!
The bat hits you. x2
You barely miss the bat.
The goblin shouts!
You hear an angry hiss.
The bat barely misses you.
You hit the bat.
You kill the bat!
You hit the goblin.
The goblin is heavily wounded.
The goblin hits you with a +0 club. The goblin closely misses you.
You barely miss the goblin.
The goblin is heavily wounded.
The goblin hits you but does no damage.
You barely miss the goblin.
The goblin is heavily wounded.
The goblin closely misses you.
You hit the goblin but do no damage.
The goblin is heavily wounded.
The goblin closely misses you.
You barely miss the goblin.
The goblin is heavily wounded.
The goblin closely misses you. The goblin barely misses you.
You barely miss the goblin.
The goblin is heavily wounded.
The goblin hits you but does no damage.
You hit the goblin.
You kill the goblin!
You hit the endoplasm.
The endoplasm is heavily wounded.
The endoplasm closely misses you.
You hit the endoplasm.
The endoplasm is severely wounded.
The endoplasm freezes you.
You are frozen.
The endoplasm freezes you.
You are frozen.
You are too injured to fight recklessly!
You are too injured to fight recklessly!
You are too injured to fight recklessly!
You are too injured to fight recklessly!
You are too injured to fight recklessly!
You are too injured to fight recklessly!
You are too injured to fight recklessly!
You are too injured to fight recklessly!
You are too injured to fight recklessly!
You hit the endoplasm.
You kill the endoplasm!
You have reached level 2!
You now have 20 gold pieces (gained 2).
Things that are here:
a +0 club; a goblin corpse
Found 2 gold pieces.
You now have 27 gold pieces (gained 7).
You now have 29 gold pieces (gained 2).
A frilled lizard comes into view.
The frilled lizard hisses angrily.
A kobold comes into view. It is wielding a +0 dagger.
You hit the kobold.
The kobold is heavily wounded.
The kobold hits you but does no damage.
You hit the kobold. You punch the kobold.
You kill the kobold!
The frilled lizard barely misses you.
You barely miss the frilled lizard. The frilled lizard bites you.
You hit the frilled lizard but do no damage.
The frilled lizard closely misses you. The frilled lizard bites you.
You closely miss the frilled lizard. The frilled lizard barely misses you.
You thump the frilled lizard!
You kill the frilled lizard!
No target in view!
No target in view!
No target in view!
No target in view!
No target in view!
No target in view!
No target in view!
A bat comes into view.
Things that are here:
a +0 dagger; a kobold corpse The bat hits you but does no damage.
You barely miss the bat. The bat hits you. x2
You miss the bat. The bat hits you but does no damage. x2
You hit the bat.
You kill the bat!
A hobgoblin comes into view.
The hobgoblin shouts!
You hit the hobgoblin.
The hobgoblin is lightly wounded.
The hobgoblin hits you.
You hit the hobgoblin.
The hobgoblin is severely wounded.
The hobgoblin hits you but does no damage.
You hit the hobgoblin.
You kill the hobgoblin!
You see here a hobgoblin corpse.
A ball python comes into view.
The ball python hisses angrily.
You hit the ball python. You punch the ball python.
You kill the ball python!
Found 10 gold pieces.
An endoplasm comes into view.
The endoplasm quivers.
A kobold comes into view. It is wielding a +0 dagger.
The kobold hits you with a +0 dagger.
You hit the kobold.
You kill the kobold!
The endoplasm hits you.
You hit the endoplasm.
The endoplasm is heavily wounded.
The endoplasm barely misses you.
You thump the endoplasm!
You kill the endoplasm!
Your Maces & Flails skill increases to level 4!
No target in view!
No target in view!
Things that are here:
a +0 dagger; a kobold corpse
Things that are here:
a +0 dagger; a kobold corpse A quokka comes into view.
You see here 10 gold pieces.
You hit the quokka.
The quokka is severely wounded.
The quokka closely misses you.
You hit the quokka.
You kill the quokka!
No target in view!
No target in view!
You see here a quokka corpse.
You now have 39 gold pieces (gained 10).
An endoplasm comes into view.
The endoplasm quivers.
The endoplasm hits you.
You sock the endoplasm!
You kill the endoplasm!
No target in view!
No target in view!
A rat comes into view.
The rat bites you.
You closely miss the rat. The rat bites you but does no damage.
You hit the rat.
The rat is heavily wounded.
The rat bites you.
You barely miss the rat.
The rat is heavily wounded.
The rat bites you but does no damage.
You hit the rat.
You kill the rat!
No target in view!
No target in view!
There is a shaft here.
Found a scroll labelled HIANWUS KYUBB.
g - a scroll labelled HIANWUS KYUBB The hobgoblin shouts!
No target in view!
No target in view!
You hit the hobgoblin.
The hobgoblin is moderately wounded.
The hobgoblin barely misses you.
You barely miss the hobgoblin.
The hobgoblin is moderately wounded.
The hobgoblin closely misses you.
You completely miss the hobgoblin.
The hobgoblin is lightly wounded.
The hobgoblin hits you but does no damage.
You closely miss the hobgoblin.
The hobgoblin is lightly wounded.
The hobgoblin hits you.
You hit the hobgoblin.
The hobgoblin is severely wounded.
The hobgoblin hits you. The hobgoblin barely misses you.
You thump the hobgoblin!
You kill the hobgoblin!
You have reached level 3!
Your experience leads to an increase in your attributes!
Increase (S)trength, (I)ntelligence, or (D)exterity?
You feel stronger. x3
You now have 47 gold pieces (gained 8).
Things that are here:
4 stones; a hobgoblin corpse
There is a shaft here.
There is a stone staircase leading down here.
You climb downwards.
There is a stone staircase leading up here.
Found a stone staircase leading down.
There is a stone staircase leading down here.
You climb downwards.
Found a stone staircase leading down.
There is a stone staircase leading up here.
A worm comes into view.
The dart slug launches a dart at you. The slug dart hits you.
The worm closely misses you.
You hit the dart slug but do no damage. The dart slug launches a dart at you.
The slug dart misses you.
You hit the dart slug.
The dart slug is moderately wounded.
The worm bites you. The dart slug barely misses you.
You hit the dart slug.
The dart slug is severely wounded.
The worm bites you. The dart slug closely misses you.
You hit the dart slug.
The dart slug is almost dead.
The worm closely misses you.
You hit the dart slug.
You kill the dart slug!
You barely miss the worm. The worm bites you but does no damage.
You sock the worm!
The worm is heavily wounded.
The worm bites you.
You are too injured to fight recklessly!
You are too injured to fight recklessly!
You are too injured to fight recklessly!
You are too injured to fight recklessly!
You are too injured to fight recklessly!
You are too injured to fight recklessly!
You are too injured to fight recklessly!
You are too injured to fight recklessly!
You are too injured to fight recklessly!
You are too injured to fight recklessly!
You hit the worm.
The worm is severely wounded.
The worm barely misses you.
You hit the worm. Your punch misses the worm.
The worm is severely wounded.
You hit the worm.
The worm is almost dead.
The worm bites you!
* * * LOW HITPOINT WARNING * * *
You hit the worm.
You kill the worm!
There is a stone staircase leading up here.
A ball python comes into view.
The ball python hisses angrily.
The ball python bites you. The ball python grabs you.
The ball python constricts you.
You hit the ball python.
You kill the ball python!
You see here a ball python corpse.
There is a stone staircase leading up here.
You climb upwards.
There is a stone staircase leading down here.
Found a dagger.
A rat comes into view.
The rat bites you but does no damage.
You hit the rat.
You kill the rat!
No target in view!
Found a runed cloak.
A kobold comes into view. It is wielding a +0 short sword.
The kobold shouts!
The kobold throws a stone.
The stone barely misses you.
An endoplasm comes into view.
You see here a +1 cloak.
h - a +1 cloak The endoplasm quivers.
A worm comes into view.
The kobold throws a stone.
The stone hits you but does no damage.
The kobold throws a stone.
The stone hits you but does no damage.
The kobold throws a stone.
The stone closely misses you.
You hit the endoplasm.
The endoplasm is lightly wounded.
The endoplasm freezes you.
You are frozen.
You hit the endoplasm.
The endoplasm is severely wounded.
The endoplasm hits you.
You hit the endoplasm.
The endoplasm is almost dead.
The endoplasm closely misses you.
You hit the endoplasm.
You kill the endoplasm!
The kobold throws a stone.
The stone misses you. The kobold barely misses you.
You barely miss the kobold.
The kobold hits you with a +0 short sword.
You hit the kobold.
You kill the kobold!
The worm bites you!
Items here: $ ( ) †.
You are too injured to fight recklessly!
You are too injured to fight recklessly!
You are too injured to fight recklessly!
You are too injured to fight recklessly!
You are too injured to fight recklessly!
You are too injured to fight recklessly!
You are too injured to fight recklessly!
You are too injured to fight recklessly!
You are too injured to fight recklessly!
You are too injured to fight recklessly!
You are too injured to fight recklessly!
You are too injured to fight recklessly!
You are too injured to fight recklessly!
You are too injured to fight recklessly!
You are too injured to fight recklessly!
You are too injured to fight recklessly!
You are too injured to fight recklessly!
You are too injured to fight recklessly!
You hit the worm but do no damage. The worm closely misses you.
You hit the worm. You punch the worm.
The worm is lightly wounded.
You hit the worm.
The worm is moderately wounded.
The worm bites you.
You sock the worm!
The worm is severely wounded.
The worm bites you.
* * * LOW HITPOINT WARNING * * *
You hit the worm.
The worm is almost dead.
You sock the worm!
You kill the worm!
You start putting on your armour.
You continue putting on your +1 cloak. x4
You finish putting on your +1 cloak.
An adder comes into view.
Found a viscous sapphire potion.
The adder hisses angrily.
You sock the adder!
The adder is severely wounded.
The adder bites you. The adder bites you but does no damage.
You hit the adder.
You kill the adder!
Your Maces & Flails skill increases to level 5!
You have reached level 4!
Unknown command.
i - a viscous sapphire potion
Found a chain mail.
Found a scroll labelled LERGHIZIMEI.
A bat comes into view.
The bat hits you but does no damage. The bat closely misses you.
The bat hits you but does no damage.
You barely miss the bat. The bat hits you but does no damage.
The bat closely misses you. x2
You hit the bat but do no damage. The bat completely misses you.
The bat misses you. The bat attacks as you move away!
The bat hits you but does no damage. x2
The bat barely misses you.
You hit the bat but do no damage. The bat hits you. The bat misses you.
The bat hits you but does no damage. The bat closely misses you.
You barely miss the bat. The bat barely misses you.
The bat hits you but does no damage. The bat hits you but does no damage.
You see here a scroll labelled LERGHIZIMEI.
j - a scroll labelled LERGHIZIMEI You barely miss the bat.
The bat barely misses you. The bat hits you but does no damage.
You miss the bat. The bat barely misses you.
The bat hits you but does no damage. x2
The bat hits you. The bat hits you but does no damage.
You miss the bat. The bat hits you but does no damage. x2
You closely miss the bat. The bat hits you but does no damage.
You miss the bat. The bat misses you. The bat hits you but does no damage.
You sock the bat!
You kill the bat!
No target in view!
Found 7 gold pieces.
You now have 54 gold pieces (gained 7).
You see here 7 stones.
A dart slug comes into view.
A dart slug is nearby!
An ogre comes into view. It is wielding a +0 giant club.
Found 6 gold pieces.
The ogre shouts!
The dart slug closely misses you.
You sock the dart slug!
The dart slug is almost dead.
The dart slug bites you but does no damage.
You hit the dart slug.
You kill the dart slug!
The ogre hits you with a +0 giant club!!
Ouch! That really hurt!
* * * LOW HITPOINT WARNING * * *
The ogre attacks as you move away!
The ogre hits you with a +0 giant club!!
Ouch! That really hurt!
You die...

, ..#
#..#
,...# ##
* ...,.#
*.. .# *
#.*.# * ,
#.#†# ,
#.@O###
##....# ,
#.##.$# ,
#.## .#
#..# ..*
, ##.#*
..,
#######
#.# ##.
,*
#.....###
#.# #.. *
#..#...#
#.## #.#
*


You could see an ogre.

Vanquished Creatures
  An adder (D:2)
  2 worms
  2 dart slugs
  4 endoplasms
  A goblin (D:1)
  2 hobgoblins (D:1)
  3 kobolds
  2 quokkas (D:1)
  2 ball pythons
  3 bats
  A frilled lizard (D:1)
  3 rats
26 creatures vanquished.

Notes
Turn   | Place    | Note
-------+----------+-------------------------------------------
     0 | D:1      | sleeves the Meteoran Warper began the quest for the Orb.
     0 | D:1      | Reached XP level 1. HP: 17/17 MP: 5/5
    77 | D:1      | Reached skill level 3 in Maces & Flails
   170 | D:1      | Reached XP level 2. HP: 15/24 MP: 6/6
   257 | D:1      | Reached skill level 4 in Maces & Flails
   363 | D:1      | Reached XP level 3. HP: 23/29 MP: 8/8
   451 | D:3      | HP: 12/29 [worm (7)]
   549 | D:2      | HP: 14/29 [worm (2)]
   570 | D:2      | Reached skill level 5 in Maces & Flails
   570 | D:2      | Reached XP level 4. HP: 31/36 MP: 9/9
   676 | D:2      | Noticed an ogre
   679 | D:2      | HP: 16/36 [ogre/+0 giant club (20)]
   680 | D:2      | Slain by an ogre

Illustrated notes

Levels and vault maps discovered:
D:1:      saegor_arrival_simple_e, layout_loops_ring, st_stairs_11
D:2:      layout_rooms
D:3:      layout_basic, mainiacjoe_overflow_paths, biasface_ghost_orc_armoury

Skill      XL: |  1  2  3 |
---------------+----------+-----
Maces & Flails | 3 4 5 |  5.2
Fighting       | |  2.1
Throwing       | |  1.2
Armour         | |  1.2
Dodging        | |  2.4
Spellcasting   | |  2.6
Translocations | |  3.6

Action                   |  1- 3 |  4- 6 || total
-------------------------+-------+-------++-------
Melee: Mace              |    73 |    12 ||    85
       Punch             |     3 |       ||     3
Armor: Leather armour    |    18 |    17 ||    35
Dodge: Dodged            |    30 |    13 ||    43

Table legend: (Time is in decaauts)
 A = Elapsed time spent in this place.
 B = Non-inter-level travel time spent in this place.
 C = Inter-level travel time spent in this place.
 D = Time resting spent in this place.
 E = Time spent auto-exploring this place.
 F = Levels seen in this place.
 G = Mean time per level.
                   A        B        C        D        E       F      G
               +--------+--------+--------+--------+--------+-----+--------+
         Total |    696 |    678 |     18 |      0 |      0 |   3 |  232.0 |
       Dungeon |    696 |    678 |     18 |      0 |      0 |   3 |  232.0 |
               +--------+--------+--------+--------+--------+-----+--------+

Top non-repeatable levels by time:
     D:1: 398 daAuts
     D:2: 256 daAuts
     D:3: 42 daAuts
